Map: Acid Plant LE

Players

Gemini - Winner!

  • Race: Protoss Protoss
  • Spawn Location: 5:00

Strider

  • Race: Terran Terran
  • Spawn Location: 11:00

Event: WCS Austin 2018

VOD

Have the link to the VOD?

Description

Time

  • Played on: June 1, 2018, 3:30 p.m.
  • Length: 11:19

All games in this series

Show
View Real Time Build Order
Export as new Build Order

Gemini Protoss - Winner!

Build Orders: 1 Gate Expand, Blink Stalkers 

Get SALT Encoding   

  12  0:01  Probe  
  13  0:13  Probe  
  14  0:19  Pylon  
  14  0:25  Probe  
  15  0:33  Probe  
  15  0:37  Gateway  
  15  0:41  Probe  
  16  0:47  Assimilator  
  17  0:52  Probe  
  18  1:04  Probe  
  19  1:24  Nexus  
  19  1:26  Probe  
  20  1:34  Cybernetics Core  
  20  1:39  Probe  
  21  1:46  Assimilator  
  21  1:51  Probe  
  21  1:53  Pylon  
  22  2:02  Stalker  
  22  2:03  Probe  
  23  2:12  Warp Gate  
  23  2:15  Probe  
  26  2:27  Probe  
  27  2:36  Probe  
  27  2:39  Probe  
  27  2:41  Robotics Facility  
  29  2:50  Probe  
  29  2:51  Probe  
  29  2:52  Stalker  
  32  2:59  Probe  
  32  3:03  Probe  
  34  3:07  Probe  
  35  3:14  Twilight Council  
  35  3:15  Probe  
  35  3:17  Probe  
  37  3:28  Probe  
  37  3:30  Twilight Council  
  37  3:31  Observer  
  37  3:33  Probe  
  40  3:37  Blink  
  40  3:39  Gateway  
  40  3:40  Probe  
  40  3:41  Gateway  
  41  3:45  Probe, Pylon  
  42  3:52  Probe  
  43  3:57  Observer  
  43  3:58  Probe  
  43  4:00  Assimilator  
  43  4:01  Assimilator  
  45  4:04  Probe  
  45  4:08  Shield Battery  
  46  4:10  Probe  
  46  4:16  Probe  
  48  4:20  Observer  
  48  4:21  Stalker  
  48  4:22  Probe  
  52  4:26  Pylon  
  52  4:30  Probe  
  53  4:33  Pylon  
  53  4:35  Probe  
  54  4:44  Probe  
  55  4:47  Probe  
  55  4:50  Stalker x2  
  55  4:51  Stalker  
  61  5:02  Nexus  
  61  5:07  Probe x2, Pylon  
  61  5:12  Immortal  
  61  5:13  Stalker  
  65  5:14  Stalker  
  68  5:27  Pylon  
  70  5:40  Stalker x2  
  74  5:44  Probe  
  74  5:45  Probe  
  74  5:46  Pylon  
  76  5:54  Charge  
  76  5:56  Probe  
  77  5:57  Probe  
  77  6:02  Sentry  
  77  6:05  Zealot x2  
  77  6:09  Probe x2  
  79  6:21  Probe  
  76  6:30  Stalker  
  76  6:31  Stalker x2  
  76  6:32  Probe  
  83  6:34  Probe  
  82  6:44  Probe x2  
  82  6:46  Probe  
  83  6:53  Immortal  
  87  6:56  Probe  
  87  6:57  Probe  
  87  6:58  Probe  
  87  7:00  Gateway  
  90  7:03  Gateway  
  90  7:05  Gateway  
  90  7:07  Pylon  
  90  7:08  Probe  
  91  7:09  Sentry, Probe  
  91  7:10  Probe  
  95  7:20  Probe  
  95  7:21  Probe  
  95  7:22  Probe  
  93  7:32  Probe  
  93  7:33  Probe  
  93  7:34  Probe  
  93  7:36  Assimilator, Pylon  
  93  7:37  Assimilator  
  96  7:40  Zealot x3  
  96  7:41  Forge  
  96  7:43  Forge  
  102  7:44  Probe  
  102  7:48  Protoss Ground Weapons Level 1  
  103  7:57  Templar Archives  
  103  7:58  Protoss Ground Armor Level 1  
  103  8:02  Zealot x3  
  109  8:06  Zealot x2  
  109  8:12  Probe x2  
  115  8:13  Probe  
  116  8:21  Pylon  
  116  8:23  Stalker x2  
  116  8:24  Probe  
  121  8:29  Probe x2  
  121  8:31  Psionic Storm, Pylon  
  114  8:34  Stalker  
  114  8:36  Probe  
  114  8:41  Probe x2  
  117  8:42  Observer  
  117  8:48  Probe  
  118  8:50  Zealot  
  118  8:51  Zealot x2  
  118  8:52  High Templar x2  
  118  8:53  Probe x2  
  130  8:57  Photon Cannon  
  130  9:01  Photon Cannon x2  
  130  9:05  Warp Prism  
  130  9:08  High Templar  
  132  9:12  High Templar  
  132  9:13  High Templar x2  
  140  9:21  Gateway  
  140  9:23  Gateway  
  140  9:36  Zealot, Probe  
  128  9:44  Stalker x2  
  128  10:01  Photon Cannon  
  128  10:03  Photon Cannon  
  128  10:05  Photon Cannon  
  128  10:06  Zealot x3  
  128  10:07  Zealot, Photon Cannon  
  136  10:09  Photon Cannon  
  136  10:11  Pylon  
  136  10:12  Stalker x2, Pylon  
  140  10:15  Photon Cannon  
  140  10:31  Pylon  
  140  10:32  Pylon  
  140  10:33  Pylon  
  132  10:47  Stalker, Zealot x3  
  132  10:48  Probe  
  129  10:51  Zealot x3  
  120  11:10  Zealot x2  
  119  11:16  Archon  
  119  11:17  Archon  
  115  11:19  Zealot x2  
Show
View Real Time Build Order
Export as new Build Order

Strider Terran 

Build Orders: Reaper Expand, MMM Bio 

Get SALT Encoding   

  12  0:01  SCV  
  13  0:13  SCV  
  14  0:17  Supply Depot  
  14  0:25  SCV  
  15  0:38  SCV  
  15  0:40  Barracks  
  16  0:44  Refinery  
  16  0:50  SCV  
  17  1:03  SCV  
  18  1:15  SCV  
  19  1:29  Orbital Command, Reaper  
  20  1:46  Command Center  
  20  1:56  SCV  
  20  1:58  Supply Depot  
  21  2:01  Marine  
  22  2:11  Factory  
  22  2:13  SCV  
  23  2:22  Barracks Reactor  
  23  2:26  SCV  
  24  2:30  Barracks  
  24  2:38  SCV  
  25  2:45  Refinery  
  25  2:50  SCV  
  26  2:56  Widow Mine  
  29  3:00  Orbital Command  
  29  3:05  Marine x2, Bunker  
  28  3:08  SCV  
  31  3:18  Barracks Tech Lab  
  31  3:20  Starport  
  31  3:23  SCV  
  32  3:27  Marine x2  
  32  3:28  Factory Tech Lab  
  32  3:31  Factory Reactor  
  34  3:34  SCV  
  34  3:35  SCV  
  34  3:40  Marine  
  36  3:44  Supply Depot  
  36  3:46  SCV  
  36  3:47  SCV  
  36  3:48  Marine  
  38  3:50  Marine  
  40  3:57  Stimpack, Marine  
  40  4:00  Medivac  
  40  4:02  SCV  
  44  4:03  SCV  
  44  4:08  Supply Depot  
  45  4:11  Marine x2  
  45  4:13  Widow Mine  
  45  4:15  Marine  
  45  4:16  Widow Mine  
  52  4:20  SCV x2  
  54  4:25  Engineering Bay  
  54  4:31  Supply Depot  
  54  4:32  SCV x2  
  54  4:34  Marine  
  54  4:35  Marauder  
  61  4:45  Widow Mine  
  61  4:52  Medivac  
  65  4:53  Widow Mine  
  65  4:55  Marine x2  
  67  5:01  Supply Depot  
  67  5:02  Marauder  
  67  5:03  Supply Depot  
  67  5:06  SCV  
  70  5:08  Refinery  
  70  5:22  Marine x2, SCV  
  70  5:23  Widow Mine x2  
  70  5:24  Marauder, Supply Depot  
  70  5:26  Supply Depot  
  79  5:35  Medivac  
  81  5:38  SCV x2  
  81  5:42  Terran Infantry Weapons Level 1  
  83  5:47  Marine x2  
  83  5:48  Marauder  
  87  5:50  SCV x2  
  83  6:09  Marauder  
  83  6:18  Marine x2  
  80  6:19  Medivac, Widow Mine x2  
  86  6:31  Marauder  
  78  6:43  Marine x2  
  78  6:44  SCV x2  
  74  6:47  Barracks  
  74  6:49  Barracks x2  
  74  6:50  Refinery  
  74  6:52  Marauder, Combat Shields  
  76  7:06  Medivac x2, Factory Reactor  
  80  7:13  Marauder  
  80  7:19  Supply Depot  
  80  7:22  Marine x2  
  79  7:24  SCV x2  
  80  7:31  Command Center  
  80  7:35  Marauder  
  80  7:36  SCV  
  83  7:39  Barracks Tech Lab  
  83  7:40  Marine, Barracks Tech Lab  
  84  7:49  SCV x2  
  86  7:55  Engineering Bay  
  86  7:56  Marauder, Terran Infantry Armor Level 1  
  88  7:59  Armory, Marauder x2, Marine x2  
  88  8:00  Barracks Reactor  
  88  8:01  SCV  
  88  8:02  Medivac x2  
  99  8:06  Concussive Shells  
  99  8:16  Supply Depot  
  99  8:18  Marauder, Supply Depot  
  101  8:20  Marauder  
  100  8:34  Marauder  
  100  8:39  Marauder  
  101  8:43  Orbital Command  
  101  8:44  SCV x2  
  103  8:49  Medivac x2  
  103  8:50  Marauder, Marine x4  
  115  8:56  Marauder, SCV x2  
  115  8:58  Widow Mine x2  
  115  9:00  Marine  
  122  9:03  Refinery x2  
  122  9:06  Missile Turret  
  122  9:08  SCV x2  
  122  9:09  SCV  
  125  9:11  Marauder  
  125  9:12  Missile Turret  
  129  9:17  Marauder, Supply Depot  
  129  9:20  SCV  
  129  9:23  Marauder  
  132  9:33  Marauder  
  123  9:44  Marauder, Marine x3  
  123  9:45  Marauder, Marine  
  125  9:48  SCV x3  
  125  9:49  Ghost Academy  
  125  9:52  Sensor Tower  
  128  9:54  Marauder  
  127  10:04  Marine x3  
  127  10:05  Widow Mine, Medivac  
  127  10:06  Marauder x2, Medivac, Widow Mine  
  124  10:10  Starport, Fusion Core  
  124  10:16  Command Center  
  124  10:25  Marauder, Marine x3  
  124  10:26  Marine  
  124  10:27  Marauder  
  125  10:47  Marauder  
  125  10:48  Marauder, Marine x2  
  100  11:04  SCV x2  
Tags
 
Add a new tag
Caveats
  • Supply blocks, unpowered buildings, or Contaminate may cause inaccurate times.
  • Supply counts are checked every 10 seconds.